 Dungeon Crawl Stone Soup version 0.30-b1-2-g02819fbbbe (webtiles) character file.

Game seed: 6763220498945849864

12592 LLlMATKO the Fighter (level 11, -8/153 HPs)
             Began as a Minotaur Berserker on May 21, 2023.
             Was an Elder of Trog.
             Killed from afar by an ice statue (19 damage)
             ... with a freezing blast
             ... on level 11 of the Dungeon.
             The game lasted 00:17:53 (12287 turns).

LLlMATKO the Fighter (Minotaur Berserker)          Turns: 12287, Time: 00:17:55

Health: -8/153     AC: 17    Str: 24    XL:     11   Next: 64%
Magic:  10/10      EV: 10    Int:  4    God:    Trog [****..]
Gold:   874        SH:  0    Dex: 12    Spells: 10/10 levels left

rFire   . . .        K - +5 battleaxe
rCold   . . .        (shield currently unavailable)
rNeg    . . .        t - +0 plate armour
rPois   .            (helmet restricted)
rElec   .            e - +0 cloak
rCorr   .            o - +0 pair of gloves
SInv    +            (no boots)
Will    .....        (no amulet) Stlth
                     v - ring of flight
HPRegen 0.45/turn    z - ring of see invisible
MPRegen 0.12/turn

%: no passive effects
@: berserking, flying, studying Throwing, very quick
A: horns 2, retaliatory headbutt
a: Renounce Religion, Berserk, Trog's Hand, Brothers in Arms


You were on level 11 of the Dungeon.
You worshipped Trog.
Trog was greatly pleased with you.
You visited 2 branches of the dungeon, and saw 12 of its levels.
You also visited: Ossuary.

You collected 874 gold pieces.

Inventory:

Hand Weapons
 D - a +3 hand axe
 K - a +5 battleaxe (weapon)
Missiles
 y - 19 poisoned darts
 A - 5 curare-tipped darts
 C - 13 boomerangs (quivered)
 M - a javelin
Armour
 a - a +1 ring mail of poison resistance
 e - a +0 cloak (worn)
 o - a +0 pair of gloves (worn)
 t - a +0 plate armour (worn)
 F - the +4 scale mail "Efygh" {rPois rF+++ Will- Str-4}
   (You found it on level 8 of the Dungeon)

   Str:       It affects your strength (-4).
   rF:        It renders you almost immune to fire.
   rPois:     It protects you from poison.
   Will:      It decreases your willpower.
Jewellery
 v - a ring of flight (left hand)
 x - the amulet of Dawuidd {Acrobat Will+ Str+3}
   (You took it off a wight on level 8 of the Dungeon)

   [amulet of the acrobat]

   It increases your evasion while moving and waiting.
   Str:       It affects your strength (+3).
   Will:      It increases your willpower.
 z - a ring of see invisible (right hand)
 B - an amulet of regeneration
 E - an amulet of reflection
 G - a ring of ice
Wands
 q - a wand of polymorph (11)
 r - a wand of charming (2)
 J - a wand of acid (6)
Scrolls
 d - 13 scrolls of identify
 h - 7 scrolls of teleportation
 i - a scroll of enchant weapon {unknown}
 j - a scroll of fear {unknown}
 H - a scroll of poison {unknown}
 L - 2 scrolls of blinking
 N - a scroll of fog {unknown}
Potions
 b - 2 potions of magic {unknown}
 c - a potion of might {unknown}
 f - 3 potions of flight {unknown}
 g - 3 potions of invisibility {unknown}
 k - 4 potions of brilliance {unknown}
 l - 3 potions of heal wounds {unknown}
 m - 7 potions of curing
 n - 3 potions of cancellation {unknown}
 p - 4 potions of lignification {unknown}
 s - a potion of ambrosia {unknown}
 u - a potion of haste
 w - 2 potions of mutation {unknown}
 I - 2 potions of attraction {unknown}


   Skills:
 + Level 11.2 Fighting
 + Level 11.2 Axes
 + Level 8.9 Throwing
 + Level 10.9 Armour
 + Level 10.1 Dodging


You had 10 spell levels left.
You didn't know any spells.
Your spell library was empty.

Dungeon Overview and Level Annotations

Branches:
Dungeon (11/15)            Temple (1/1) D:7            Lair (0/5) D:9
Ossuary (visited)
    Orc: D:9-12

Altars:
Ashenzari
Cheibriados
Dithmenos
Elyvilon
Fedhas
Gozag
Hepliaklqana
Kikubaaqudgha
Makhleb
Nemelex Xobeh
Okawaru
Qazlal
Ru
Sif Muna
Trog
Uskayaw
Vehumet
Wu Jian
Xom
Yredelemnul
Zin
The Shining One

Shops:
D:2 ?   D:4 ?   D:6 :

Portals:
Trove: D:11 (give horn of Geryon)

Annotations:
D:11 exclusion: ice statue


Innate Abilities, Weirdness & Mutations

You have a pair of horns on your head.
You reflexively headbutt those who attack you in melee.


Message History

Marking area around an ice statue as unsafe for travelling.
No reachable target in view!
Found a scroll of identify.
Throw: 13 boomerangs
Press: ? - help, Q - select action, (/) - cycle Shift-Dir - straight line, f - ice statue
Aim: an ice statue (94% to hit)
You throw a boomerang. The boomerang hits the ice statue.
The ice statue is lightly damaged.
The ice statue gestures.
Found a flail.
Found 3 boomerangs.
The ice statue gestures at you. The bolt of cold hits you.
The ice statue gestures at you. The bolt of cold hits you!!
You barely miss the ice beast. The ice statue gestures at you.
The freezing blast engulfs the ice beast.
The ice beast completely resists.
The ice beast hits you but does no damage.
You are engulfed in freezing vapours.
The ice statue gestures.
The ice beast barely misses you.
You are engulfed in freezing vapours.
The ice statue glitters chillingly in the dim dungeon light.
The ice statue gestures at you. The bolt of cold hits you!!
* * * LOW HITPOINT WARNING * * *
The ice beast hits you but does no damage.
The ice statue gestures at you. The freezing blast engulfs you!
* * * LOW HITPOINT WARNING * * *
The ice beast barely misses you.
A red film seems to cover your vision as you go berserk!
You feel yourself moving faster!
You feel mighty!
You are engulfed in freezing vapours.
* * * LOW HITPOINT WARNING * * *
The ice statue gestures at you. The freezing blast engulfs you!!
You die...

#...........#......#
............#......#...#
.......................#
....###+#..........(...#
....# #.........)....#
....# #..............#
....# #....°○°☼.§...#
....#####....○○○8○....#
.............°°Y@Y....#
...............§☼☼....#
................○......#
........###............#
........# #............#
......### ##...........#
......# #......######
.###### #......# ##


You could see an ice statue and 2 ice beasts.

Vanquished Creatures
  Fannar (D:10)
  3 two-headed ogres
  The ghost of melvinkitnick the Destroyer, a journeyman DECj of Vehumet (D:11)
  A troll (D:10)
  Prince Ribbit (D:9)
  A vampire (D:11)
  Sigmund (D:2)
  A shadow (D:10)
  A wraith (D:11)
  3 wyverns
  14 yaks
  A steam dragon (D:7)
  A basilisk (D:9)
  A water moccasin (D:6)
  Menkaure (D:7)
  A black bear (D:9)
  2 ice beasts (D:6)
  4 orc warriors
  2 sky beasts
  4 centaurs
  4 ogres
  The ghost of sanka the Gusty, an amateur DgAE (D:3)
  2 kobold brigands (D:8)
  3 bullfrogs
  6 scorpions
  25 wights
  5 killer bees (D:9)
  A jelly (D:5)
  2 howler monkeys
  2 hounds
  Crazy Yiuf (D:3)
  2 gnoll boudas
  4 iguanas
  3 sleepcaps
  7 orc priests
  Ijyb (D:4)
  13 orc wizards
  Natasha (thrice) (D:2)
  8 mummies (Ossuary)
  14 gnolls
  7 adders
  2 shadow imps
  4 white imps
  2 ufetubi
  4 worms
  3 dart slugs
  56 orcs
  3 bats
  7 endoplasms
  3 giant cockroaches
  5 hobgoblins
  2 jackals (D:1)
  10 quokkas
  5 ball pythons
  2 frilled lizards
  8 goblins
  2 hobgoblin zombies (Ossuary)
  16 kobolds
  2 kobold zombies (Ossuary)
  4 orc zombies (Ossuary)
  6 rats
  A spectral goblin (D:9)
  A bush (D:11)
307 creatures vanquished.

Vanquished Creatures (collateral kills)
  A ynoxinul (D:11)
  An orc warrior (D:9)
  3 killer bees (D:9)
  An orc (D:9)
6 creatures vanquished.

Vanquished Creatures (others)
  2 fungi (D:9)
  2 plants
4 creatures vanquished.

Grand Total: 317 creatures vanquished

Notes
Turn   | Place    | Note
-------+----------+-------------------------------------------
     0 | D:1      | LLlMATKO the Minotaur Berserker began the quest for the
                  | Orb.
     0 | D:1      | Reached XP level 1. HP: 19/19 MP: 0/0
   130 | D:1      | Reached XP level 2. HP: 26/27 MP: 1/1
   747 | D:2      | Noticed Sigmund
   760 | D:2      | Killed Sigmund
   761 | D:2      | Reached XP level 3. HP: 35/35 MP: 2/2
   761 | D:2      | Reached XP level 4. HP: 41/41 MP: 3/3
   761 | D:2      | Reached XP level 5. HP: 47/47 MP: 4/4
   824 | D:2      | Reached ** piety under Trog
   860 | D:2      | Noticed Natasha
   870 | D:2      | Killed Natasha
   922 | D:2      | Reached skill level 5 in Fighting
   938 | D:2      | Noticed Natasha
   946 | D:2      | Killed Natasha
   947 | D:2      | Reached skill level 5 in Axes
  1047 | D:2      | Noticed Natasha
  1067 | D:2      | Killed Natasha
  1178 | D:2      | Reached XP level 6. HP: 52/56 MP: 5/5
  1231 | D:2      | Found Plog's Magic Scroll Boutique.
  1736 | D:3      | Found a faded altar of an unknown god.
  1750 | D:3      | Found a runed translucent door.
  1751 | D:3      | Noticed Crazy Yiuf
  1791 | D:3      | Reached *** piety under Trog
  1887 | D:3      | Found a shimmering altar of Xom.
  1951 | D:3      | Found a runed translucent door.
  1953 | D:3      | Noticed sanka's ghost (amateur DgAE)
  2059 | D:3      | Killed Crazy Yiuf
  2151 | D:3      | Killed sanka's ghost
  2152 | D:3      | Reached skill level 5 in Armour
  2388 | D:4      | Found a broken altar of Ashenzari.
  2399 | D:4      | Reached XP level 7. HP: 62/62 MP: 6/6
  2434 | D:4      | Noticed Eustachio
  2445 | D:4      | Eustachio changed into Eustachio the worm
  2445 | D:4      | Noticed Eustachio
  2449 | D:4      | Killed Eustachio the worm
  2762 | D:4      | Found Vaagameg's Magic Scroll Boutique.
  3004 | D:4      | Noticed Ijyb
  3053 | D:4      | Killed Ijyb
  3054 | D:4      | Reached skill level 5 in Dodging
  3135 | D:4      | Found a hide-covered altar of Uskayaw.
  3402 | D:5      | Entered Level 5 of the Dungeon
  3445 | D:5      | Found a snail-covered altar of Cheibriados.
  3495 | D:5      | Found a shadowy altar of Dithmenos.
  3712 | D:5      | Reached XP level 8. HP: 48/71 MP: 7/7
  4244 | D:5      | Reached **** piety under Trog
  4286 | D:5      | Found a basalt altar of Yredelemnul.
  4970 | D:6      | Found Hyixot's Book Shop.
  5247 | D:6      | Reached XP level 9. HP: 81/81 MP: 8/8
  5247 | D:6      | Found an iron altar of Okawaru.
  5280 | D:6      | Found an ornate altar of the Wu Jian Council.
  6099 | D:7      | Identified a scroll of acquirement
  6099 | D:7      | Acquired a manual of Throwing
  6251 | D:7      | Found a sand-covered staircase.
  6256 | Ossuary  | Entered an ossuary
  6320 | Ossuary  | Reached skill level 1 in Throwing
  6516 | D:7      | Found a staircase to the Ecumenical Temple.
  6526 | D:7      | Noticed Menkaure
  6534 | D:7      | Killed Menkaure
  6560 | Temple   | Entered the Ecumenical Temple
  7174 | D:7      | Reached ***** piety under Trog
  7297 | D:7      | Reached XP level 10. HP: 56/91 MP: 9/9
  7720 | D:8      | Reached skill level 5 in Throwing
  7966 | D:8      | Identified the amulet of Dawuidd {Acrobat Will+ Str+3}
  8255 | D:8      | Identified the +4 scale mail "Efygh" {rPois rF+++ Will-
                  | Str-4}
  8310 | D:8      | Noticed a two-headed ogre
  8318 | D:8      | Killed a two-headed ogre
  8734 | D:8      | Reached skill level 10 in Axes
  8739 | D:8      | Found a radiant altar of Vehumet.
  9016 | D:9      | Reached skill level 10 in Fighting
  9050 | D:9      | Received a gift from Trog
  9328 | D:9      | Found a sparkling altar of Nemelex Xobeh.
  9485 | D:9      | Reached skill level 10 in Armour
  9673 | D:9      | Reached XP level 11. HP: 52/101 MP: 10/10
 10064 | D:9      | Noticed Prince Ribbit
 10073 | D:9      | Killed Prince Ribbit
 10304 | D:9      | Found a staircase to the Lair.
 10369 | D:9      | Found a hazy altar of Hepliaklqana.
 10532 | D:10     | Entered Level 10 of the Dungeon
 10544 | D:10     | Noticed Fannar
 10561 | D:10     | Killed Fannar
 11115 | D:10     | Found a blossoming altar of Fedhas.
 11262 | D:10     | Found a stormy altar of Qazlal.
 11540 | D:11     | Found a runed translucent door.
 11540 | D:11     | Noticed melvinkitnick's ghost (journeyman DECj)
 11656 | D:11     | Found a portal to a secret trove of treasure.
 11694 | D:11     | Noticed a two-headed ogre
 11701 | D:11     | Killed a two-headed ogre
 11937 | D:11     | Noticed a two-headed ogre
 11946 | D:11     | Killed a two-headed ogre
 12092 | D:11     | Reached skill level 10 in Dodging
 12154 | D:11     | Killed melvinkitnick's ghost
 12287 | D:11     | Killed from afar by an ice statue

Illustrated notes

Levels and vault maps discovered:
D:1:      scummos_arrival_hexagon, layout_basic
D:2:      layout_rooms, serial_shops, nicolae_shop_tiny_statue_garden,
          uniq_sigmund, uniq_natasha
D:3:      layout_loops_ring, nicolae_overflow_hidden_temple,
          ebering_ghost_reflecting_pool, ebering_ecumenical_altar_mist,
          uniq_crazy_yiuf_cottage
D:4:      layout_loops_ring, kennysheep_mini_moat, lemuel_tele_altar,
          serial_shops, nicolae_shop_getting_attention, uniq_ijyb,
          uniq_eustachio
D:5:      layout_loops_ring, mainiacjoe_overflow_concentric_impassable,
          nicolae_dithmenos_through_a_glass_darkly, mainiacjoe_overflow_paths,
          kennysheep_generic_room_3
D:6:      layout_cave_pods, okawaru_gym_becter, amcnicky_altar_gilded,
          serial_shops, shop, serial_column_ruins, column_ruins_corridor_corner,
          column_ruins_grid_1, column_ruins_corridor_straight,
          column_ruins_corridor_corner, column_ruins_open_small
D:7:      layout_loops_ring, minmay_temple_entry_mini_moons, enter_ossuary_5,
          grunt_ministairs_1, lightli_orcish_oven, uniq_menkaure
D:8:      layout_loops_ring, mainiacjoe_overflow_chevrons, grunt_ministairs_14
D:9:      layout_loops_ring, nicolae_hepliaklqana_monster_ancestors,
          lemuel_crystal_altar, david_lair_generic, uniq_prince_ribbit1
D:10:     layout_big_octagon, fedhas_ov_isle_minmay,
          mainiacjoe_overflow_24_doors, uniq_fannar
D:11:     layout_irregular_city, enter_trove_1, serial_shops,
          nicolae_shop_real_fake_doors, hellmonk_ghost_big_iron,
          minmay_misc_feat_encased, minivault_16, kennysheep_decorative_pillar,
          grunt_qazlal_sundering
Temple:   hellmonk_temple_forest_ring

Skill      XL: |  1  2  3  4  5  6  7  8  9 10 11 |
---------------+----------------------------------+-----
Fighting       | 4 5 6 7 9 10 11 | 11.2
Axes           | 4 5 6 8 9 10 11 | 11.2
Armour         | 3 4 5 6 7 8 10 | 10.9
Dodging        | 3 4 5 6 8 9 10 | 10.1
Throwing       | 4 7 8 |  8.9

Action                     |  1- 3 |  4- 6 |  7- 9 | 10-12 || total
---------------------------+-------+-------+-------+-------++-------
  Melee: Hand axe          |    49 |   128 |   376 |   180 ||   733
         Headbutt          |     8 |    18 |    76 |    53 ||   155
         Punch             |     1 |     3 |     4 |     2 ||    10
         Unarmed           |       |     2 |     4 |       ||     6
         War axe           |       |       |    38 |       ||    38
         Battleaxe         |       |       |       |    96 ||    96
  Throw: Dart              |       |       |     2 |     1 ||     3
         Boomerang         |       |       |       |    81 ||    81
 Invoke: Berserk           |     1 |     3 |     6 |     8 ||    18
         Trog's Hand       |       |     1 |       |     1 ||     2
         Brothers in Arms  |       |       |       |     2 ||     2
  Evoke: Wand              |       |       |     1 |       ||     1
    Use: Scroll            |       |       |     7 |       ||     7
 Armour: Chain mail        |    18 |    34 |       |       ||    52
         Animal skin       |     1 |       |       |       ||     1
         Skin              |       |    12 |       |       ||    12
         Plate armour      |       |    34 |   187 |   141 ||   362
  Dodge: Dodged            |    20 |    30 |   166 |   142 ||   358
